 Dungeon Crawl Stone Soup version 0.29-a0-283-ga02f740833 (webtiles) character file.

Game seed: 10794725674091615994

10791 tilp the Frost Mage (level 11, -3/48 HPs)
             Began as a Felid Ice Elementalist on Mar 13, 2022.
             Was an Elder of Vehumet.
             Slain by a dream sheep (16 damage)
             ... on level 3 of the Lair of Beasts.
             The game lasted 00:40:47 (23423 turns).

tilp the Frost Mage (Felid Ice Elementalist)       Turns: 23423, Time: 00:40:47

Health: -3/48      AC: 13    Str:  4    XL:     11   Next: 40%
Magic:  20/22      EV:  4    Int: 22    God:    Vehumet [****..]
Gold:   1024       SH:  0    Dex: 20    Spells: 7/24 levels left
                                        Lives:  0   Deaths: 3

rFire   . . .      SeeInvis +     - Unarmed
rCold   + . .      Faith    .   (shield unavailable)
rNeg    . . .      Spirit   .   (body armour unavailable)
rPois   .          Reflect  .   (helmet unavailable)
rElec   .          Harm     .   (cloak unavailable)
rCorr   .          Rampage  .   (gloves unavailable)
Will    +....                   (boots unavailable)
Stlth   +++++.....              h - amulet of magic regeneration
HPRegen 0.16/turn               i - ring of fire
MPRegen 0.58/turn               l - ring of ice

@: ice-armoured, sleeping, quick
A: very small, claws 1, fangs 3, see invisible, speed 1, shaggy fur 3, stealthy
paws, no weapons or thrown items, no armour, multi-lived, thin skeletal
structure 1, clever 1, frail 1
a: Renounce Religion


You were on level 3 of the Lair of Beasts.
You worshipped Vehumet.
Vehumet was greatly pleased with you.
You visited 4 branches of the dungeon, and saw 17 of its levels.
You also visited: Bailey.

You collected 1024 gold pieces.

Inventory:

Jewellery
 h - an amulet of magic regeneration (around neck)
 i - a ring of fire (left paw)
 l - a ring of ice (right paw)
 r - a ring of resist corrosion
Wands
 y - a wand of flame (44)
 C - a wand of charming (5)
Scrolls
 c - 5 scrolls of fear
 e - 6 scrolls of teleportation
 k - a scroll of summoning
 o - a scroll of amnesia
 p - 3 scrolls of fog
 q - a scroll of holy word
 A - a scroll of magic mapping
Potions
 a - 6 potions of magic
 b - 6 potions of flight
 d - 5 potions of lignification
 f - 2 potions of haste
 g - 6 potions of mutation
 j - 2 potions of cancellation
 m - 2 potions of invisibility {unknown}
 n - 6 potions of curing
 s - 4 potions of ambrosia
 t - a potion of experience {unknown}
 u - a potion of might {unknown}
 w - 3 potions of resistance {unknown}
 x - a potion of brilliance {unknown}
 z - 3 potions of berserk rage


   Skills:
 + Level 10.0 Fighting
 - Level 8.0 Dodging
 - Level 8.0 Stealth
 - Level 6.0 Unarmed Combat
 + Level 7.1 Spellcasting
 * Level 10.1 Conjurations
 + Level 4.3 Translocations
 * Level 10.1 Ice Magic
 + Level 4.1 Earth Magic
 + Level 6.1 Evocations


You had 7 spell levels left.
You knew the following spells:

 Your Spells              Type           Power      Damage    Failure   Level
a - Freeze                Ice            100%       1d11      1%          1
b - Frozen Ramparts       Ice            100%       1d12      1%          3
c - Ozocubu's Armour      Ice            68%        N/A       1%          3
d - Hailstorm             Conj/Ice       68%        3d14      1%          4
e - Blink                 Tloc           52%        N/A       1%          2
f - Magic Dart            Conj           100%       1d8       1%          1
g - Stone Arrow           Conj/Erth      78%        3d11      1%          3

Your spell library contained the following spells:

 Spells                   Type           Power      Damage    Failure   Level
 Fireball                 Conj/Fire      22%        3d10      8%          5
 Apportation              Tloc           52%        N/A       1%          1
 Slow                     Hex            28%        N/A       9%          1
 Confusing Touch          Hex            7%         N/A       24%         3
 Vampiric Draining        Necr           7%         2d6       24%         3
 Manifold Assault         Tloc           26%        N/A       36%         5
 Alistair's Intoxication  Tmut/Pois      4%         N/A       92%         5
 Storm Form               Tmut/Air       3%         N/A       100%        7


Dungeon Overview and Level Annotations

Branches:
Dungeon (11/15)            Temple (1/1) D:7            Lair (4/6) D:10
 Shoals (0/4) Lair:2          Orc (1/2) D:10         Bailey (visited)
  Snake: Lair:2-4    Spider: Lair:2-4

Altars:
Ashenzari
Cheibriados
Dithmenos
Elyvilon
Fedhas
Gozag
Hepliaklqana
Kikubaaqudgha
Makhleb
Nemelex Xobeh
Okawaru
Qazlal
Ru
Sif Muna
Trog
Uskayaw
Vehumet
Wu Jian
Xom
Yredelemnul
Zin
The Shining One
Beogh

Shops:
D:2 =

Annotations:
D:9 exclusion: two-headed ogre
D:10 3 runed translucent doors, NigelTetley's ghost, novice DECj
Lair:1 1 runed translucent door, benappo's ghost, journeyman DrFE
Lair:2 1 runed translucent door, Erica; slayr's ghost, journeyman OpWz
Lair:3 3 runed translucent doors, Ajdolov's ghost, journeyman FeSu


Innate Abilities, Weirdness & Mutations

You have sharp claws.
You have razor-sharp teeth.
You have supernaturally acute eyesight. (SInv)
You cover ground quickly. (Speed+)
Your thick and shaggy fur keeps you warm. (AC +3, rC+)
Your paws help you pounce on unaware monsters.
You are incapable of wielding weapons or throwing items.
You cannot wear armour.
You gain extra lives every three experience levels.
You have a somewhat thin skeletal structure. (Dex +2, Stealth+)
Your mind is acute. (Int +2)
You are frail. (-10% HP)


Message History

You feel your power returning.
The dream sheep bleats!
You hear a bleat!
The dream sheep shake their wool and sparkle.
You feel drowsy...
You fall asleep.
A dream sheep comes into view. x2
The dream sheep bleats!
A dream sheep comes into view. x2
The dream sheep bites you!!
You wake up.
Ouch! That really hurt!
The dream sheep bites you but does no damage.
The dream sheep bleats! x2
Unknown command.
The dream sheep bites you!
* * * LOW HITPOINT WARNING * * *
The dream sheep bites you.
* * * LOW HITPOINT WARNING * * *
You climb upwards.
Level annotation: 3 runed translucent doors, Ajdolov's ghost, journeyman FeSu
There is a stone staircase leading down here.
Unknown command.
Casting: Stone Arrow (safe; 1% risk of failure)
Confirm with . or Enter, or press ? or * to list all spells.
You blink.
Unknown command.
Casting: Blink (safe; 1% risk of failure)
Confirm with . or Enter, or press ? or * to list all spells.
You feel a surge of power! A film of ice covers your body!
Unknown command.
Casting: Ozocubu's Armour (safe; 1% risk of failure)
Confirm with . or Enter, or press ? or * to list all spells.
You can't see any susceptible monsters within range! (Use Z to cast anyway.) Unknown command.
Unknown command.
You feel stable enough to blink again.
The dream sheep shake their wool and sparkle.
You feel drowsy...
You fall asleep.
A bullfrog comes into view.
The bullfrog gives a loud, deep croak!
The dream sheep bites you!
You die...

.####.# ### #..P##.#....#..# ##
#.######.###..............#
#...#.###.#............#..#
##................F....##..#
#P...###.#.P...............#
##.........................#
#....P.........P...........#
###....#.........#..#.#......##
##.#....P.....YY@...#....#.....##
........PP..........+....#.....P#
...........>......P..#........###
####...........<..............#
#P(........................#
#....##.##+###......#.#....#
##.................####....#
##.........#......## ##...##
####.........###.....# #....#


You could see a bullfrog and 2 dream sheep.

Vanquished Creatures
  2 hydras (Lair:1)
  5 death yaks (D:10)
  2 two-headed ogres (D:10)
  5 skeletal warriors
  Pikel (D:9)
  An orc knight (Bailey)
  An orc sorcerer (Orc:1)
  3 necromancers (Orc:1)
  A torpor snail (Lair:3)
  A black mamba (Lair:2)
  2 unseen horrors (D:10)
  2 cane toads
  3 rime drakes
  11 komodo dragons
  A polar bear (Lair:2)
  2 merfolk (Lair:2)
  A hornet (Lair:2)
  Prince Ribbit (D:6)
  4 trolls
  3 dream sheep (Lair:3)
  Sigmund (D:5)
  A shadow (D:11)
  A wraith (D:11)
  2 vampires
  13 yaks
  A wyvern (D:10)
  2 basilisks
  A redback (shapeshifter) (D:10)
  A vampire mosquito (D:10)
  A steam dragon (D:8)
  5 wargs
  Menkaure (D:5)
  15 water moccasins
  2 acid dragons
  21 orc warriors
  2 black bears
  An ice beast (D:7)
  A sky beast (D:6)
  6 ogres
  An ettin simulacrum (Orc:1)
  2 centaurs
  10 wolves
  3 lemures (D:9)
  A phantom (D:6)
  Blork the orc (D:4)
  13 bullfrogs
  3 kobold brigands
  A gnoll sergeant (D:8)
  4 necrophages
  3 scorpions
  9 wights
  2 cyclops skeletons (Orc:1)
  2 orc simulacra (Orc:1)
  17 killer bees
  A troll skeleton (Orc:1)
  2 howler monkeys (D:9)
  5 hounds
  4 jellies (D:6)
  9 orc priests
  2 cyclops simulacra (Orc:1)
  3 iguanas
  12 orc wizards
  7 gnolls
  7 adders
  2 orc skeletons (Orc:1)
  3 white imps
  3 orc zombies (Orc:1)
  5 worms
  7 dart slugs
  86 orcs
  3 bats
  6 endoplasms
  2 giant cockroaches
  10 goblins
  5 hobgoblins
  7 jackals
  2 quokkas (D:1)
  3 ball pythons
  3 frilled lizards (D:1)
  18 kobolds
  3 rats
422 creatures vanquished.

Vanquished Creatures (others)
  11 fungi
  7 plants
18 creatures vanquished.

Grand Total: 440 creatures vanquished

Notes
Turn   | Place    | Note
-------+----------+-------------------------------------------
     0 | D:1      | tilp the Felid Ice Elementalist began the quest for the
                  | Orb.
     0 | D:1      | Reached XP level 1. HP: 7/7 MP: 4/4
   252 | D:1      | Reached XP level 2. HP: 11/11 MP: 4/6
   818 | D:1      | Reached skill level 1 in Fighting
  1140 | D:2      | Reached XP level 3. HP: 5/15 MP: 4/7
  1144 | D:2      | Learned a level 3 spell: Frozen Ramparts
  1726 | D:2      | Found Cezysh's Jewellery Shoppe.
  2280 | D:2      | Reached XP level 4. HP: 19/19 MP: 4/8
  2284 | D:2      | Learned a level 3 spell: Ozocubu's Armour
  2611 | D:3      | Identified the +8 rapier of the Fortifying Augurer {speed,
                  | rCorr Str+7 Int-3 Stlth-}
  3449 | D:4      | Reached skill level 5 in Ice Magic
  3449 | D:4      | Reached XP level 5. HP: 22/22 MP: 3/10
  3867 | D:4      | Gained mutation: You are covered in thick fur. (AC +2)
                  | [Felid growth]
  3867 | D:4      | Reached XP level 6. HP: 3/26 MP: 11/11
  4420 | D:4      | Noticed Blork the orc
  5354 | D:5      | Entered Level 5 of the Dungeon
  5359 | D:5      | Noticed Sigmund
  5380 | D:5      | Noticed Menkaure
  5502 | D:5      | Gained mutation: You are frail. (-10% HP) [potion of
                  | mutation]
  5502 | D:5      | Gained mutation: Your mind is acute. (Int +2) [potion of
                  | mutation]
  5502 | D:5      | Gained mutation: You have a somewhat thin skeletal
                  | structure. (Dex +2, Stealth+) [potion of mutation]
  5514 | D:5      | Reached skill level 1 in Unarmed Combat
  5514 | D:5      | Reached skill level 1 in Evocations
  5517 | D:5      | Killed Menkaure
  5518 | D:5      | Reached XP level 7. HP: 15/27 MP: 10/12
  6200 | D:5      | Reached skill level 5 in Stealth
  6568 | D:6      | Reached XP level 8. HP: 32/32 MP: 7/13
  6648 | D:6      | Learned a level 4 spell: Hailstorm
  6978 | D:6      | Reached skill level 1 in Conjurations
  7181 | D:6      | Noticed Prince Ribbit
  7272 | D:6      | Killed Prince Ribbit
  7449 | D:6      | Found an iron altar of Okawaru.
  7568 | D:6      | Learned a level 2 spell: Blink
  8483 | D:7      | Reached XP level 9. HP: 20/35 MP: 8/16
  8487 | D:7      | Found a flagged portal.
  8594 | Bailey   | Entered a bailey
  8828 | Bailey   | Reached skill level 5 in Conjurations
  8903 | Bailey   | Noticed an orc knight
  8935 | Bailey   | Killed an orc knight
  8936 | Bailey   | Reached skill level 5 in Spellcasting
  8984 | Bailey   | Slain by an orc warrior
  8985 | Bailey   | Reached XP level 8. HP: -1/32 MP: 1/16
  9231 | D:7      | Reached XP level 9. HP: 29/35 MP: 10/17
  9480 | D:7      | Found a staircase to the Ecumenical Temple.
  9509 | Temple   | Entered the Ecumenical Temple
  9766 | Temple   | Became a worshipper of Vehumet
 10008 | D:8      | Reached skill level 1 in Translocations
 10719 | D:8      | Reached * piety under Vehumet
 10719 | D:8      | Offered knowledge of Magic Dart by Vehumet.
 10743 | D:8      | Learned a level 1 spell: Magic Dart
 11051 | D:9      | You fall into a shaft and drop 1 floor!
 11051 | D:10     | Entered Level 10 of the Dungeon
 11107 | D:9      | Noticed a troll
 11117 | D:9      | Reached skill level 5 in Dodging
 11117 | D:9      | Reached XP level 10. HP: 15/38 MP: 14/18
 11352 | D:9      | Noticed a two-headed ogre
 11545 | D:9      | Noticed Pikel
 11549 | D:9      | Killed Pikel
 11550 | D:9      | Reached skill level 5 in Fighting
 12581 | D:10     | Reached ** piety under Vehumet
 12712 | D:10     | Offered knowledge of Foxfire by Vehumet.
 12746 | D:10     | Identified the +6 dagger of Inyufok {venom, *Slow Str+2
                  | Dex+3}
 12884 | D:10     | Identified the +4 chain mail of Autumn {rF++ Int+4}
 12885 | D:10     | Found a staircase to the Orcish Mines.
 12900 | D:10     | Noticed a death yak
 13010 | D:10     | Noticed a death yak
 13010 | D:10     | Noticed a death yak
 13010 | D:10     | Noticed a death yak
 13010 | D:10     | Noticed a death yak
 13141 | D:10     | Found a staircase to the Lair.
 13507 | D:10     | Noticed a two-headed ogre
 13512 | D:10     | Killed a two-headed ogre
 13699 | D:10     | Noticed an eye of devastation
 13827 | D:10     | Killed a death yak
 13828 | D:10     | Reached XP level 11. HP: 44/44 MP: 9/20
 13979 | D:10     | Killed a death yak
 13979 | D:10     | Killed a death yak
 14104 | D:10     | Found a runed translucent gate.
 14105 | D:10     | Found a runed translucent gate.
 14106 | D:10     | Found a runed translucent gate.
 14107 | D:10     | Noticed NigelTetley's ghost (novice DECj)
 14198 | D:10     | Identified the +3 leather armour of Repulsion {Dex+6
                  | Slay+3}
 14257 | D:10     | Killed a death yak
 14263 | D:10     | Killed a death yak
 14385 | D:10     | Noticed a two-headed ogre
 14391 | D:10     | Killed a two-headed ogre
 14391 | D:10     | Offered knowledge of Stone Arrow by Vehumet.
 14445 | D:10     | Found a staircase to the Lair.
 14632 | D:10     | Found a staircase to the Orcish Mines.
 15350 | D:10     | Learned a level 3 spell: Stone Arrow
 15704 | D:4      | Killed Blork the orc
 15740 | D:5      | Killed Sigmund
 16442 | D:11     | Noticed a skeletal warrior
 16459 | D:11     | Killed a skeletal warrior
 16459 | D:11     | Noticed a skeletal warrior
 16461 | D:11     | Noticed a skeletal warrior
 16554 | D:11     | Noticed a skeletal warrior
 16559 | D:11     | Noticed a death knight
 16613 | D:10     | Killed a skeletal warrior
 16689 | D:11     | Killed a skeletal warrior
 16879 | D:11     | Noticed a skeletal warrior
 16903 | D:11     | Reached *** piety under Vehumet
 16906 | D:11     | Killed a skeletal warrior
 17282 | D:11     | Killed a skeletal warrior
 17363 | D:11     | Reached skill level 10 in Conjurations
 17363 | D:11     | Reached skill level 10 in Ice Magic
 17363 | D:11     | Gained mutation: Your thick and shaggy fur keeps you warm.
                  | (AC +3, rC+) [Felid growth]
 17363 | D:11     | Reached XP level 12. HP: 49/49 MP: 16/23
 17814 | Orc:1    | Entered Level 1 of the Orcish Mines
 17826 | Orc:1    | Offered knowledge of Airstrike by Vehumet.
 17908 | Orc:1    | Reached skill level 1 in Earth Magic
 18455 | Orc:1    | Reached **** piety under Vehumet
 18619 | Orc:1    | Offered knowledge of Lee's Rapid Deconstruction by Vehumet.
 19476 | Orc:1    | Reached skill level 5 in Evocations
 19482 | Orc:1    | Noticed an orc warlord
 19609 | Lair:1   | Entered Level 1 of the Lair of Beasts
 19616 | Lair:1   | Reached skill level 5 in Unarmed Combat
 19924 | Lair:1   | Noticed an eight-headed hydra
 19939 | Lair:1   | Killed an eight-headed hydra
 20249 | Lair:1   | Found a runed translucent door.
 20256 | Lair:1   | Reached ***** piety under Vehumet
 20412 | Lair:1   | Offered knowledge of Fireball by Vehumet.
 20439 | Lair:1   | Found a shimmering altar of Xom.
 20439 | Lair:1   | Noticed benappo's ghost (journeyman DrFE)
 20455 | Lair:1   | Noticed an eight-headed hydra
 20486 | Lair:1   | Killed an eight-headed hydra
 20998 | Lair:2   | Found a runed translucent door.
 21007 | Lair:2   | Noticed slayr's ghost (journeyman OpWz)
 21255 | Lair:2   | Reached XP level 13. HP: 54/54 MP: 14/24
 21312 | Lair:2   | Noticed Erica
 22127 | Lair:2   | Hit by a boomerang thrown by a merfolk
 22128 | Lair:2   | Reached XP level 12. HP: -5/51 MP: 23/23
 22408 | Lair:2   | Found a staircase to the Shoals.
 22800 | Lair:3   | Found a runed translucent gate.
 22800 | Lair:3   | Found a runed translucent gate.
 22802 | Lair:3   | Found a runed translucent gate.
 22804 | Lair:3   | Noticed Ajdolov's ghost (journeyman FeSu)
 22805 | Lair:3   | Identified the +8 long sword of Resourcefulness {spect,
                  | Fragile rF+ rCorr}
 22982 | Lair:3   | Reached skill level 10 in Fighting
 23143 | Lair:3   | Demolished by a torpor snail
 23144 | Lair:3   | Reached XP level 11. HP: -16/48 MP: 22/22
 23423 | Lair:3   | Slain by a dream sheep

Illustrated notes

Levels and vault maps discovered:
D:1:      matt_arrival_los_fun, layout_rooms
D:2:      layout_basic, serial_shops, shop, st_stairs_13
D:3:      layout_basic, st_stairs_2
D:4:      layout_basic, dreamdust_gnoll_farm, uniq_blork_the_orc
D:5:      layout_gridville, serial_glass, glass_columns_a, glass_columns_c,
          uniq_menkaure, uniq_sigmund
D:6:      layout_basic, mainiacjoe_overflow_cross_hatched, uniq_prince_ribbit1
D:7:      layout_rooms, minmay_temple_entry_drinking_statues, enter_bailey_6
D:8:      layout_basic
D:9:      layout_loops_ring, uniq_pikel
D:10:     layout_loops_corners, dpeg_lair_monsters, erik_orc_4,
          biasface_ghost_orc_armoury, columned_hall_lemuel, grunt_tough_drop
D:11:     layout_loops_ring
Temple:   mainiacjoe_temple_hex_bubbles
Lair:1:   layout_small_grid, ebering_ghost_xom, beast_lair_carwin_4,
          lemuel_fruit_tree
Lair:2:   layout_gridlike, elwin_shoals_entry_rooms,
          ebering_ghost_reflecting_pool, chequers_serial_rivers_marsh,
          beast_lair_carwin_7, uniq_erica
Lair:3:   layout_chaotic_city, gammafunk_ghost_necromancy
Lair:4:   layout_layer_cave, guppyfry_snake_entry_garden, special_room
          [special_room_mythical_zoo], grunt_megastairs_2, serial_bayou_shore_b,
          uniq_amaemon
Orc:1:    dreamdust_under_siege, layout_diamond_mine, roderic_batcave,
          minmay_orc_temple_a

Skill      XL: |  1  2  3  4  5  6  7  8  9 10 11 12 13 |
---------------+----------------------------------------+-----
Ice Magic      | 4 5 6 8 10 | 10.1
Fighting       | 1 2 3 4 6 8 10 | 10.0
Spellcasting   | 3 4 5 7 |  7.1
Dodging        | 3 4 5 6 8 |  8.0
Stealth        | 3 5 6 8 |  8.0
Unarmed Combat | 1 2 3 4 5 6 |  6.0
Evocations     | 1 3 4 6 |  6.1
Conjurations   | 3 8 10 | 10.1
Translocations | 4 |  4.3
Earth Magic    | 3 4 |  4.1

Action                   |  1- 3 |  4- 6 |  7- 9 | 10-12 | 13-15 || total
-------------------------+-------+-------+-------+-------+-------++-------
Melee: Unarmed           |    10 |    45 |    83 |    53 |     3 ||   194
       Bite              |     1 |     5 |    11 |     7 |       ||    24
       Punch             |       |     2 |     1 |     2 |       ||     5
 Cast: Freeze            |    46 |    31 |    70 |    35 |       ||   182
       Frozen Ramparts   |    10 |    14 |    41 |    59 |     1 ||   125
       Ozocubu's Armour  |       |     6 |    35 |    45 |     3 ||    89
       Hailstorm         |       |       |    48 |   145 |     4 ||   197
       Magic Dart        |       |       |       |    19 |       ||    19
       Blink             |       |       |       |     3 |       ||     3
       Stone Arrow       |       |       |       |   121 |     9 ||   130
Evoke: Wand              |       |     3 |     9 |     1 |       ||    13
  Use: Scroll            |     6 |     5 |     3 |     5 |     3 ||    22
       Potion            |       |     3 |     1 |     1 |       ||     5
 Stab: Sleeping          |     4 |     6 |    12 |    18 |     2 ||    42
       Distracted        |       |       |     1 |       |       ||     1
Armor: Skin              |     2 |    13 |    30 |    17 |     1 ||    63
Dodge: Dodged            |    32 |    48 |   118 |   144 |    14 ||   356

Table legend: (Time is in decaauts)
 A = Elapsed time spent in this place.
 B = Non-inter-level travel time spent in this place.
 C = Inter-level travel time spent in this place.
 D = Time resting spent in this place.
 E = Time spent auto-exploring this place.
 F = Levels seen in this place.
 G = Mean time per level.
                   A        B        C        D        E       F      G
               +--------+--------+--------+--------+--------+-----+--------+
         Total |  20868 |  19676 |   1192 |   5109 |  11187 |  18 | 1159.3 |
       Dungeon |  15584 |  14500 |   1084 |   3724 |   8521 |  11 | 1416.7 |
        Temple |    218 |    192 |     26 |      0 |    190 |   1 |  218.0 |
          Lair |   3440 |   3359 |     81 |    821 |   2106 |   4 |  860.0 |
  Orcish Mines |   1229 |   1229 |      0 |    406 |    354 |   1 | 1229.0 |
        Bailey |    395 |    395 |      0 |    158 |     15 |   1 |  395.0 |
               +--------+--------+--------+--------+--------+-----+--------+

Top non-repeatable levels by time:
    D:10: 3458 daAuts
     D:6: 1927 daAuts
     D:4: 1926 daAuts
  Lair:1: 1444 daAuts
     D:9: 1417 daAuts
   Orc:1: 1229 daAuts
  Lair:2: 1204 daAuts
     D:2: 1204 daAuts
    D:11: 1165 daAuts
     D:1: 1024 daAuts
     D:8: 985 daAuts
     D:5: 980 daAuts
     D:7: 815 daAuts
  Lair:3: 781 daAuts
     D:3: 681 daAuts
